 Dungeon Crawl Stone Soup version 0.15-a0-481-g5350d32 (webtiles) character file.

570 Paddoo the Insei (level 7, -1/52 HPs)
             Began as a Merfolk Transmuter on May 8, 2014.
             Was an Initiate of Sif Muna.
             Slain by a sky beast (5 damage)
             ... on Level 5 of the Dungeon.
             The game lasted 00:31:21 (6377 turns).

Paddoo the Insei (Merfolk Transmuter)               Turns: 6377, Time: 00:31:21

HP  -1/52        AC  2     Str 16      XL: 7   Next: 34%
MP  18/18        EV 14     Int 14      God: Sif Muna [......]
Gold 265         SH  0     Dex 13 (14) Spells:  2 memorised, 12 levels left

rFire  . . .     SeeInvis .       - Unarmed
rCold  . . .     Clarity  .     l - +0 robe
rNeg   . . .     Conserve .     (no shield)
rPois  +         rCorr    .     (helmet restricted)
rElec  .         rRot     .     (no cloak)
SustAb . .       Spirit   .     (no gloves)
rMut   .         Warding  .     (no boots)
Saprov . . .     Stasis   .     (no amulet)
MR     .....                    (no ring)
                                c - ring of poison resistance

@: appendage, mighty, not resistant to hostile enchantments, unstealthy
A: change form in water, swift swim, horns 2
a: End Transformation, Renounce Religion


You were on level 5 of the Dungeon.
You worshipped Sif Muna.
Sif Muna was noncommittal.
You were very hungry.
You had grown temporary horns.
You visited 2 branches of the dungeon, and saw 7 of its levels.

You collected 265 gold pieces.

Inventory:

Missiles
 b - 15 arrows
 g - 17 darts of dispersal (quivered)
 n - 207 stones
 u - 17 arrows of flame
Armour
 l - a +0 robe (worn)
Comestibles
 a - 7 bread rations
 f - 2 chokos
Scrolls
 h - 2 scrolls of identify
 j - 4 scrolls of remove curse
 p - a scroll of noise {unknown}
 s - a scroll of magic mapping {unknown}
 t - 2 scrolls of random uselessness {unknown}
 v - a scroll of recharging
 w - 3 scrolls of teleportation {unknown}
 x - a scroll of enchant weapon II {unknown}
 y - a scroll of fog {unknown}
Jewellery
 c - a ring of poison resistance (left hand)
Potions
 e - a potion of invisibility
 i - a potion of restore abilities
 k - a potion of agility
 o - a potion of haste
 z - a potion of cure mutation {unknown}
 B - a potion of brilliance {unknown}
Books
 d - a book of Changes

   Spells                             Type                      Level
   *Beastly Appendage                 Transmutation                1
   *Sticks to Snakes                  Transmutation                2
   Spider Form                        Transmutation/Poison         3
   Ice Form                           Ice/Transmutation            4
   Blade Hands                        Transmutation                5


   Skills:
 * Level 3.1 Fighting
 + Level 4.7 Dodging
 + Level 0.8 Stealth
 + Level 4.8 Unarmed Combat
 * Level 4.6 Spellcasting
 + Level 4.4 Transmutations


You had 12 spell levels left.
You knew the following spells:

 Your Spells              Type           Power        Failure   Level  Hunger
a - Beastly Appendage     Trmt           ###...       2%          1    None
b - Sticks to Snakes      Trmt           ###.......   4%          2    ##.....


Dungeon Overview and Level Annotations

Branches:
Dungeon (6/15)             Temple (1/1) D:5

Altars:
Ashenzari
Cheibriados
Dithmenos
Fedhas
Kikubaaqudgha
Makhleb
Nemelex Xobeh
Okawaru
Sif Muna
Trog
Vehumet
Xom
Yredelemnul
Zin
The Shining One


Innate Abilities, Weirdness & Mutations

You revert to your normal form in water.
You are very nimble and swift while swimming.
You have a pair of horns on your head.


Message History

You miss something. Something hits you. Something shocks you!
The ogre zombie hits you.
* * * LOW HITPOINT WARNING * * *
You climb upwards.
There is a stone staircase leading down, spattered with blood here.
Drink which item? (? for menu, Esc to quit)
There was something very wrong with that liquid!
You feel clumsy.
It was a potion of degeneration.
Something barely misses you.
Drink which item? (? for menu, Esc to quit)
Magic courses through your body.
It was a potion of magic.
Something hits you.
* * * LOW HITPOINT WARNING * * *
Something shocks you.
* * * LOW HITPOINT WARNING * * *
Drink which item? (? for menu, Esc to quit)
You feel very mighty all of a sudden.
It was a potion of might.
Something hits you.
* * * LOW HITPOINT WARNING * * *
Something shocks you.
You die...

########## #########
#{.......# ........#
#@....>..# #.#.#.#.####
#........# ...........#
#........#####
......#.##.#####............#
............................#
..>...#.##.#####............#
..).........................#
......#.#...............#.###
........................#.#


There were no monsters in sight!

Vanquished Creatures
  An orc warrior (D:5)
  An ogre (D:5)
  An iguana (D:5)
  7 worker ants
  Terence (D:2)
  6 adders
  2 orc skeletons
  A worm (D:2)
  An adder skeleton (D:4)
  A giant eyeball (D:4)
  A gnoll skeleton (D:4)
  6 giant geckos
  2 oozes
  4 orcs
  3 ball pythons
  7 giant cockroaches
  14 hobgoblins
  5 jackals (D:1)
  2 quokkas
  5 bats
  7 giant newts
  9 goblins
  15 kobolds
  6 rats
108 creatures vanquished.

Vanquished Creatures (collateral kills)
  2 orcs (D:3)
  A goblin (D:3)
3 creatures vanquished.

Grand Total: 111 creatures vanquished

Notes
Turn   | Place    | Note
--------------------------------------------------------------
     0 | D:1      | Paddoo, the Merfolk Transmuter, began the quest for the Orb.
     0 | D:1      | Reached XP level 1. HP: 15/15 MP: 3/3
     6 | D:1      | Noticed a fire drake
     6 | D:1      | Noticed a black bear
     6 | D:1      | Noticed a black mamba
     6 | D:1      | Noticed a wolf
     7 | D:1      | Noticed a swamp worm
   265 | D:1      | Reached XP level 2. HP: 21/21 MP: 2/4
   917 | D:2      | Reached XP level 3. HP: 26/26 MP: 4/6
  1157 | D:2      | Reached XP level 4. HP: 13/33 MP: 6/8
  1345 | D:2      | Found a bloodstained altar of Trog.
  1629 | D:2      | Noticed Terence
  2168 | D:2      | Killed Terence
  2168 | D:2      | Reached skill level 4 in Unarmed Combat
  2716 | D:3      | Reached XP level 5. HP: 29/38 MP: 9/11
  2949 | D:3      | Learned a level 2 spell: Sticks to Snakes
  3697 | D:4      | Paralysed by a giant eyeball for 4 turns
  4458 | D:5      | Entered Level 5 of the Dungeon
  4483 | D:5      | Found a staircase to the Ecumenical Temple.
  4499 | D:5      | Reached XP level 6. HP: 7/46 MP: 15/15
  4807 | Temple   | Entered the Ecumenical Temple
  4830 | Temple   | Became a worshipper of Sif Muna the Loreminder
  5508 | D:5      | Found a shattered altar of Ashenzari.
  5510 | D:5      | Found a radiant altar of Vehumet.
  5605 | D:5      | Reached XP level 7. HP: 29/51 MP: 17/17
  6377 | D:5      | Slain by a sky beast

Action                   |  1- 3 |  4- 6 |  7- 9 || total
-------------------------+-------+-------+-------++-------
Melee: Unarmed           |   107 |   336 |    21 ||   464
 Cast: Beastly Appendage |    22 |    47 |     7 ||    76
       Sticks to Snakes  |       |    10 |     6 ||    16
  Use: Scroll            |       |     6 |       ||     6
       Potion            |       |     3 |     5 ||     8
